 Dungeon Crawl Stone Soup version 0.29.1-12-g30fa7ad0bf (webtiles) character file.

Game seed: 12281086025019040020

5966 cheesebisquit the Grappler (level 10, -5/100 HPs)
             Began as a Troll Fighter on Jan 11, 2023.
             Slain by an 11-headed hydra (10 damage)
             ... on level 10 of the Dungeon.
             The game lasted 00:47:11 (8047 turns).

cheesebisquit the Grappler (Troll Fighter)          Turns: 8047, Time: 00:47:12

Health: -5/100     AC:  8    Str: 26    XL:     10   Next: 55%
Magic:  18/18      EV: 13    Int:  8    God:
Gold:   158        SH: 11    Dex:  9    Spells: 8/9 levels left

rFire   . . .      SeeInvis .     - Unarmed
rCold   . . .      Faith    .   b - +2 kite shield
rNeg    . . .      Spirit   .   G - +1 robe {Will+}
rPois   .          Reflect  .   (helmet restricted)
rElec   .          Harm     .   k - +2 cloak
rCorr   .          Rampage  .   (gloves unavailable)
Will    +....                   (boots unavailable)
Stlth   +.........              B - amulet of regeneration
HPRegen 1.86/turn               h - +4 ring of evasion
MPRegen 0.16/turn               v - ring of magical power

@: studying Invocations
A: large, unfitting armour, claws 3, regeneration 1, shaggy fur 1, tough skin 1
a: no special abilities


You were on level 10 of the Dungeon.
You visited 2 branches of the dungeon, and saw 11 of its levels.
You also visited: Sewer.

You collected 349 gold pieces.
You spent 191 gold pieces at shops.

Inventory:

Missiles
 f - 84 stones
 i - 60 poisoned darts (quivered)
 s - 2 curare-tipped darts
 u - 8 large rocks
 J - a throwing net
Armour
 b - a +2 kite shield (worn)
 k - a +2 cloak (worn)
 G - a +1 robe of willpower (worn)
Jewellery
 h - a +4 ring of evasion (left claw)
 v - a ring of magical power (right claw)
 x - an amulet of faith
 B - an amulet of regeneration (around neck)
Wands
 w - a wand of flame (14)
 y - a wand of charming (6)
 E - a wand of iceblast (11)
 K - a wand of polymorph (5)
Scrolls
 c - 2 scrolls of immolation {unknown}
 e - a scroll of magic mapping {unknown}
 g - a scroll of silence {unknown}
 j - 3 scrolls of teleportation
 p - a scroll of amnesia {unknown}
 q - a scroll of enchant weapon {unknown}
 r - a scroll of blinking
 t - a scroll of vulnerability {unknown}
Potions
 d - 3 potions of brilliance
 l - a potion of invisibility
 m - a potion of flight {unknown}
 n - 3 potions of curing
 o - 2 potions of attraction {unknown}
 z - a potion of mutation {unknown}
 A - 2 potions of berserk rage
 C - 3 potions of cancellation
 D - a potion of magic {unknown}
 F - a potion of lignification {unknown}
 H - a potion of heal wounds {unknown}
 I - a potion of ambrosia {unknown}


   Skills:
 + Level 6.8 Fighting
 + Level 4.6 Dodging
 + Level 7.5 Shields
 * Level 11.0 Unarmed Combat


You had 8 spell levels left.
You knew the following spells:

 Your Spells              Type           Power      Damage    Failure   Level
a - Apportation           Tloc           0%         N/A       65%         1

Your spell library contained the following spells:

 Spells                   Type           Power      Damage    Failure   Level
 Necrotise                Necr           0%         1d4       65%         1
 Blink                    Tloc           0%         N/A       80%         2
 Scorch                   Fire           0%         2d5       80%         2
 Ignite Poison            Fire/Tmut/Pois 0%         N/A       95%         3
 Lesser Beckoning         Tloc           0%         N/A       95%         3
 Mephitic Cloud           Conj/Pois/Air  0%         N/A       95%         3
 Vampiric Draining        Necr           0%         2d6       95%         3
 Animate Dead             Necr           0%         N/A       100%        4
 Flame Wave               Conj/Fire      0%         2d4       100%        4
 Agony                    Necr           0%         N/A       100%        5
 Alistair's Intoxication  Tmut/Pois      0%         N/A       100%        5
 Borgnjor's Vile Clutch   Necr/Erth      0%         N/A       100%        5
 Freezing Cloud           Conj/Ice/Air   0%         6-21      100%        5
 Manifold Assault         Tloc           0%         N/A       100%        5
 Death Channel            Necr           0%         N/A       100%        6
 Summon Cactus Giant      Summ           0%         N/A       100%        6


Dungeon Overview and Level Annotations

Branches:
Dungeon (10/15)            Temple (1/1) D:5            Lair (0/5) D:9
  Sewer (visited)
    Orc: D:9-12

Altars:
Ashenzari
Dithmenos
Elyvilon
Fedhas
Hepliaklqana
Kikubaaqudgha
Makhleb
Nemelex Xobeh
Okawaru
Ru
Sif Muna
Trog
Vehumet
Xom
Yredelemnul
Zin
The Shining One

Shops:
D:2 [   D:6 *   D:9 *


Innate Abilities, Weirdness & Mutations

You are too large for most types of armour.
You have claws for hands.
Your natural rate of healing is unusually fast.
You are covered in fur. (AC +1)
You have tough skin. (AC +1)


Message History

* * * LOW HITPOINT WARNING * * *
You rip one of the ten-headed hydra's heads off!
The nine-headed hydra grows two more!
You mangle the 11-headed hydra!!
The 11-headed hydra is moderately wounded.
There is an open door here.
There is a stone staircase leading up here.
You climb upwards.
There is a stone staircase leading down here.
You start resting.
Your extra speed is starting to run out.
You start resting.
You feel yourself slow down.
You start resting.
HP restored.
Okay, then.
You climb downwards.
The 11-headed hydra bites you but does no damage.
The 11-headed hydra bites you!
The 11-headed hydra closely misses you. x2
The 11-headed hydra bites you but does no damage.
The 11-headed hydra misses you. You block the 11-headed hydra's attack.
The 11-headed hydra bites you! x2; The 11-headed hydra barely misses you.
The 11-headed hydra bites you. The 11-headed hydra bites you! x2
The 11-headed hydra bites you.
The 11-headed hydra bites you but does no damage.
You block the 11-headed hydra's attack. The 11-headed hydra bites you! x2
* * * LOW HITPOINT WARNING * * *
You block the 11-headed hydra's attack. The 11-headed hydra bites you!
* * * LOW HITPOINT WARNING * * *
The 11-headed hydra bites you.
* * * LOW HITPOINT WARNING * * *
The 11-headed hydra bites you!
* * * LOW HITPOINT WARNING * * *
There is a stone staircase leading up, spattered with blood here.
Aiming: Polymorph
Press: ? - help, Shift-Dir - straight line, f - 11-headed hydra
Aim: an 11-headed hydra (will become a great orb of eyes, an ettin, or an eye of devastation, chance to affect: 17%)
The 11-headed hydra resists with almost no effort.
The 11-headed hydra closely misses you. You block the 11-headed hydra's attack.
The 11-headed hydra bites you!
You die...

....#####.....##....##..........#
..### #.....##....##..........#
..# ##..........##..........#
..#################.##...........
....................##..........#
..########...........'..........#
..# #..........##..........# ..#
#..........##..........# ..#
#.....D@...#######'##### ..#
#..........# #.# ..# #<.........#
#.# ### #########.## ... #.#
..... #.# ....... #.. .....$...
## .........## .......>..#


You could see a 11-headed hydra.

Vanquished Creatures
  Grinder (D:4)
  9 yaks (D:8)
  A vampire (D:9)
  2 steam dragons
  5 water moccasins (D:9)
  2 sky beasts
  An orc warrior (D:9)
  3 ice beasts
  3 centaurs
  An ogre (D:5)
  2 phantoms (D:5)
  4 kobold brigands
  5 bullfrogs (D:9)
  A gnoll sergeant (D:10)
  A necrophage (D:5)
  3 scorpions
  6 wights
  4 killer bees (D:10)
  5 hounds
  3 orc priests
  A gnoll bouda (D:4)
  7 jellies
  Crazy Yiuf (D:6)
  2 iguanas (D:4)
  10 orc wizards
  11 gnolls
  9 adders
  4 worms
  3 dart slugs
  23 orcs
  4 bats (D:1)
  8 endoplasms
  4 giant cockroaches
  6 goblins
  6 hobgoblins
  3 jackals (D:2)
  3 quokkas
  11 ball pythons
  6 frilled lizards
  29 kobolds
  10 rats
223 creatures vanquished.

Vanquished Creatures (others)
  22 fungi (D:9)
  32 plants (D:9)
54 creatures vanquished.

Grand Total: 277 creatures vanquished

Notes
Turn   | Place    | Note
-------+----------+-------------------------------------------
     0 | D:1      | cheesebisquit the Troll Fighter began the quest for the
                  | Orb.
     0 | D:1      | Reached XP level 1. HP: 22/22 MP: 0/0
   126 | D:1      | Found a faded altar of an unknown god.
   130 | D:1      | Reached XP level 2. HP: 29/29 MP: 1/1
   252 | D:1      | Learned a level 1 spell: Apportation
   613 | D:2      | Reached XP level 3. HP: 36/36 MP: 2/2
   652 | D:2      | Reached skill level 3 in Unarmed Combat
   715 | D:2      | Reached XP level 4. HP: 44/44 MP: 3/3
  1025 | D:2      | Found Davvaghi's Armour Emporium.
  1277 | D:3      | Found a glowing golden altar of the Shining One.
  1578 | D:4      | Reached skill level 4 in Unarmed Combat
  1578 | D:4      | Reached XP level 5. HP: 53/53 MP: 4/4
  2068 | D:4      | Noticed Grinder
  2070 | D:4      | Paralysed by Grinder for 3 turns
  2082 | D:4      | Killed Grinder
  2083 | D:4      | Reached skill level 5 in Unarmed Combat
  2083 | D:4      | Reached XP level 6. HP: 56/62 MP: 5/5
  2823 | D:5      | Entered Level 5 of the Dungeon
  2828 | D:5      | Reached XP level 7. HP: 68/68 MP: 6/6
  2884 | D:4      | Reached skill level 6 in Unarmed Combat
  3112 | D:5      | Found a staircase to the Ecumenical Temple.
  3309 | D:5      | Reached XP level 8. HP: 71/79 MP: 7/7
  3313 | D:5      | Reached skill level 5 in Shields
  3366 | D:5      | Reached skill level 7 in Unarmed Combat
  3797 | D:6      | Found a broken altar of Ashenzari.
  3865 | D:6      | Reached skill level 5 in Fighting
  3872 | D:6      | Reached skill level 8 in Unarmed Combat
  4132 | D:6      | Found a runed translucent door.
  4133 | D:6      | Noticed Crazy Yiuf
  4159 | D:6      | Found Duec's Assorted Antiques.
  4165 | D:6      | Bought a runed robe for 81 gold pieces
  4165 | D:6      | Bought a dented lapis lazuli amulet for 110 gold pieces
  4253 | D:6      | Found a glowing drain.
  4265 | Sewer    | Entered a sewer
  4392 | Sewer    | Reached XP level 9. HP: 88/88 MP: 8/8
  4487 | Sewer    | Found a viscous altar of Jiyva.
  4715 | D:6      | Killed Crazy Yiuf
  4970 | D:7      | Reached skill level 9 in Unarmed Combat
  5498 | D:8      | Reached skill level 10 in Unarmed Combat
  5621 | Temple   | Entered the Ecumenical Temple
  5770 | D:8      | Reached XP level 10. HP: 48/100 MP: 9/9
  6304 | D:8      | Found a shimmering blue altar of Sif Muna.
  6755 | D:9      | Noticed a two-headed ogre
  6769 | D:8      | HP: 2/100 [two-headed ogre/+0 giant club (30)]
  7302 | D:9      | Found a staircase to the Lair.
  7353 | D:9      | Found Myvuhacw's Mayhem Merchandise.
  7501 | D:9      | Found a burning altar of Makhleb.
  7502 | D:9      | Noticed a cacodemon
  7690 | D:10     | Entered Level 10 of the Dungeon
  7729 | D:10     | Reached skill level 11 in Unarmed Combat
  7974 | D:10     | Noticed a five-headed hydra
  8046 | D:10     | HP: 3/100 [11-headed hydra (9)]
  8047 | D:10     | Slain by an 11-headed hydra

Illustrated notes

Levels and vault maps discovered:
D:1:      dpeg_arrival_arbitrary_a, layout_rooms,
          chequers_ecumenical_altar_island
D:2:      layout_rooms, serial_shops, nicolae_shop_behind_doors
D:3:      layout_rooms, lemuel_coloured_pillars_altar, kennysheep_flooded_box
D:4:      layout_layer_cave, chequers_serial_rivers_micro_b, uniq_grinder
D:5:      layout_cave_pools, minmay_temple_entry_waves
D:6:      layout_loops_cross, evilmike_ruin_ashenzari, portal_sewer_entry_a,
          serial_shops, shop, uniq_crazy_yiuf_cottage
D:7:      layout_basic
D:8:      layout_layer_cave, led_sif_pool, serial_glass, glass_columns_a,
          glass_columns_c
D:9:      layout_loops_cross, makhleb_altar_promises_db,
          due_lair_maze_entry_diamond, minmay_shop_mayhem
D:10:     layout_basic, nicolae_qazlal_general_emergency,
          grunt_temple_overflow_open
Temple:   nicolae_temple_ecumenical_triangle

Skill      XL: |  1  2  3  4  5  6  7  8  9 10 |
---------------+-------------------------------+-----
Shields        | 3 4 6 7 |  7.5
Unarmed Combat | 3 4 5 6 8 10 11 | 11.0
Fighting       | 3 4 5 6 |  6.8
Dodging        | 3 4 |  4.6

Action                   |  1- 3 |  4- 6 |  7- 9 | 10-12 || total
-------------------------+-------+-------+-------+-------++-------
Melee: Unarmed           |    93 |   114 |   264 |   176 ||   647
Throw: Dart              |       |    25 |   141 |     9 ||   175
       Stone             |       |       |     5 |       ||     5
Evoke: Wand              |       |       |       |     1 ||     1
  Use: Scroll            |       |     3 |     6 |     3 ||    12
       Potion            |       |     1 |     1 |     2 ||     4
 Stab: Sleeping          |     1 |       |       |       ||     1
       Distracted        |       |       |       |     1 ||     1
Armor: Robe              |    45 |    40 |    65 |    43 ||   193
       Skin              |       |       |       |     1 ||     1
Dodge: Dodged            |    44 |    14 |    97 |   100 ||   255
Block: Kite shield       |    35 |    33 |    90 |    92 ||   250
